Workbook

Sheet Payroll Register
A1: Payroll Report
A2: Brookfield Home Services LLC | O2: Total Gross Pay | Q2: Total Net Pay | S2: Total Payroll Cost
A3: Pay Period Start: | B3: 46279 | D3: Pay Date: | E3: 46297 | G3: OT Multiplier: | H3: 1.5 | I3: Soc. Sec. %: | J3: 0.062 | K3: ← yellow cells are settings | O3: =M19 | Q3: =T19 | S3: =M19+P19+Q19
A4: Pay Period End: | B4: 46292 | D4: Periods/Year: | E4: 26 | G4: State Tax %: | H4: 0.04 | I4: Medicare %: | J4: 0.0145 | K4: (26 = biweekly, 24 = semi-monthly)
A5: EMPLOYEE EARNINGS & DEDUCTIONS (columns A–J are inputs; K–T calculate automatically)
A6: Employee | B6: Department | C6: Pay Type | D6: Rate (Hourly / Annual) | E6: Regular Hours | F6: OT Hours | G6: Bonus / Other | H6: 401(k) % | I6: Health Ins. (Pre-Tax) | J6: Fed. W/H % | K6: Regular Pay | L6: Overtime Pay | M6: Gross Pay | N6: 401(k) | O6: Federal Tax | P6: Social Security | Q6: Medicare | R6: State Tax | S6: Total Deductions | T6: Net Pay
A7: Angela Ruiz | B7: Administration | C7: Salary | D7: 78000 | E7: 80 | F7: 0 | G7: 0 | H7: 0.06 | I7: 145 | J7: 0.12 | K7: =ROUND(IF(C7="Salary",D7/$E$4,D7*E7),2) | L7: =IF(C7="Hourly",ROUND(D7*F7*$H$3,2),0) | M7: =K7+L7+G7 | N7: =ROUND(M7*H7,2) | O7: =ROUND(MAX(0,M7-N7-I7)*J7,2) | P7: =ROUND(MAX(0,M7-I7)*$J$3,2) | Q7: =ROUND(MAX(0,M7-I7)*$J$4,2) | R7: =ROUND(MAX(0,M7-N7-I7)*$H$4,2) | S7: =N7+I7+O7+P7+Q7+R7 | T7: =M7-S7
A8: Marcus Bell | B8: Operations | C8: Salary | D8: 92000 | E8: 80 | F8: 0 | G8: 500 | H8: 0.05 | I8: 210 | J8: 0.14 | K8: =ROUND(IF(C8="Salary",D8/$E$4,D8*E8),2) | L8: =IF(C8="Hourly",ROUND(D8*F8*$H$3,2),0) | M8: =K8+L8+G8 | N8: =ROUND(M8*H8,2) | O8: =ROUND(MAX(0,M8-N8-I8)*J8,2) | P8: =ROUND(MAX(0,M8-I8)*$J$3,2) | Q8: =ROUND(MAX(0,M8-I8)*$J$4,2) | R8: =ROUND(MAX(0,M8-N8-I8)*$H$4,2) | S8: =N8+I8+O8+P8+Q8+R8 | T8: =M8-S8
A9: Priya Nair | B9: Sales | C9: Salary | D9: 68000 | E9: 80 | F9: 0 | G9: 1250 | H9: 0.04 | I9: 145 | J9: 0.12 | K9: =ROUND(IF(C9="Salary",D9/$E$4,D9*E9),2) | L9: =IF(C9="Hourly",ROUND(D9*F9*$H$3,2),0) | M9: =K9+L9+G9 | N9: =ROUND(M9*H9,2) | O9: =ROUND(MAX(0,M9-N9-I9)*J9,2) | P9: =ROUND(MAX(0,M9-I9)*$J$3,2) | Q9: =ROUND(MAX(0,M9-I9)*$J$4,2) | R9: =ROUND(MAX(0,M9-N9-I9)*$H$4,2) | S9: =N9+I9+O9+P9+Q9+R9 | T9: =M9-S9
A10: Jason Clarke | B10: Field Services | C10: Hourly | D10: 28.5 | E10: 80 | F10: 6.5 | G10: 0 | H10: 0.03 | I10: 95 | J10: 0.1 | K10: =ROUND(IF(C10="Salary",D10/$E$4,D10*E10),2) | L10: =IF(C10="Hourly",ROUND(D10*F10*$H$3,2),0) | M10: =K10+L10+G10 | N10: =ROUND(M10*H10,2) | O10: =ROUND(MAX(0,M10-N10-I10)*J10,2) | P10: =ROUND(MAX(0,M10-I10)*$J$3,2) | Q10: =ROUND(MAX(0,M10-I10)*$J$4,2) | R10: =ROUND(MAX(0,M10-N10-I10)*$H$4,2) | S10: =N10+I10+O10+P10+Q10+R10 | T10: =M10-S10
A11: Linda Okafor | B11: Field Services | C11: Hourly | D11: 31 | E11: 80 | F11: 9 | G11: 0 | H11: 0.05 | I11: 210 | J11: 0.1 | K11: =ROUND(IF(C11="Salary",D11/$E$4,D11*E11),2) | L11: =IF(C11="Hourly",ROUND(D11*F11*$H$3,2),0) | M11: =K11+L11+G11 | N11: =ROUND(M11*H11,2) | O11: =ROUND(MAX(0,M11-N11-I11)*J11,2) | P11: =ROUND(MAX(0,M11-I11)*$J$3,2) | Q11: =ROUND(MAX(0,M11-I11)*$J$4,2) | R11: =ROUND(MAX(0,M11-N11-I11)*$H$4,2) | S11: =N11+I11+O11+P11+Q11+R11 | T11: =M11-S11
A12: Tom Becker | B12: Field Services | C12: Hourly | D12: 26.75 | E12: 76 | F12: 0 | G12: 0 | H12: 0 | I12: 95 | J12: 0.08 | K12: =ROUND(IF(C12="Salary",D12/$E$4,D12*E12),2) | L12: =IF(C12="Hourly",ROUND(D12*F12*$H$3,2),0) | M12: =K12+L12+G12 | N12: =ROUND(M12*H12,2) | O12: =ROUND(MAX(0,M12-N12-I12)*J12,2) | P12: =ROUND(MAX(0,M12-I12)*$J$3,2) | Q12: =ROUND(MAX(0,M12-I12)*$J$4,2) | R12: =ROUND(MAX(0,M12-N12-I12)*$H$4,2) | S12: =N12+I12+O12+P12+Q12+R12 | T12: =M12-S12
A13: Sofia Martins | B13: Operations | C13: Hourly | D13: 24 | E13: 80 | F13: 4 | G13: 0 | H13: 0.03 | I13: 95 | J13: 0.08 | K13: =ROUND(IF(C13="Salary",D13/$E$4,D13*E13),2) | L13: =IF(C13="Hourly",ROUND(D13*F13*$H$3,2),0) | M13: =K13+L13+G13 | N13: =ROUND(M13*H13,2) | O13: =ROUND(MAX(0,M13-N13-I13)*J13,2) | P13: =ROUND(MAX(0,M13-I13)*$J$3,2) | Q13: =ROUND(MAX(0,M13-I13)*$J$4,2) | R13: =ROUND(MAX(0,M13-N13-I13)*$H$4,2) | S13: =N13+I13+O13+P13+Q13+R13 | T13: =M13-S13
A14: Kevin Doyle | B14: Sales | C14: Hourly | D14: 22.5 | E14: 80 | F14: 0 | G14: 850 | H14: 0.02 | I14: 0 | J14: 0.09 | K14: =ROUND(IF(C14="Salary",D14/$E$4,D14*E14),2) | L14: =IF(C14="Hourly",ROUND(D14*F14*$H$3,2),0) | M14: =K14+L14+G14 | N14: =ROUND(M14*H14,2) | O14: =ROUND(MAX(0,M14-N14-I14)*J14,2) | P14: =ROUND(MAX(0,M14-I14)*$J$3,2) | Q14: =ROUND(MAX(0,M14-I14)*$J$4,2) | R14: =ROUND(MAX(0,M14-N14-I14)*$H$4,2) | S14: =N14+I14+O14+P14+Q14+R14 | T14: =M14-S14
A15: Rachel Kim | B15: Administration | C15: Hourly | D15: 23.25 | E15: 72 | F15: 0 | G15: 0 | H15: 0.04 | I15: 95 | J15: 0.08 | K15: =ROUND(IF(C15="Salary",D15/$E$4,D15*E15),2) | L15: =IF(C15="Hourly",ROUND(D15*F15*$H$3,2),0) | M15: =K15+L15+G15 | N15: =ROUND(M15*H15,2) | O15: =ROUND(MAX(0,M15-N15-I15)*J15,2) | P15: =ROUND(MAX(0,M15-I15)*$J$3,2) | Q15: =ROUND(MAX(0,M15-I15)*$J$4,2) | R15: =ROUND(MAX(0,M15-N15-I15)*$H$4,2) | S15: =N15+I15+O15+P15+Q15+R15 | T15: =M15-S15
A16: David Osei | B16: Operations | C16: Hourly | D16: 27 | E16: 80 | F16: 7.5 | G16: 0 | H16: 0.05 | I16: 210 | J16: 0.1 | K16: =ROUND(IF(C16="Salary",D16/$E$4,D16*E16),2) | L16: =IF(C16="Hourly",ROUND(D16*F16*$H$3,2),0) | M16: =K16+L16+G16 | N16: =ROUND(M16*H16,2) | O16: =ROUND(MAX(0,M16-N16-I16)*J16,2) | P16: =ROUND(MAX(0,M16-I16)*$J$3,2) | Q16: =ROUND(MAX(0,M16-I16)*$J$4,2) | R16: =ROUND(MAX(0,M16-N16-I16)*$H$4,2) | S16: =N16+I16+O16+P16+Q16+R16 | T16: =M16-S16
A17: Emily Turner | B17: Sales | C17: Salary | D17: 61000 | E17: 80 | F17: 0 | G17: 900 | H17: 0.06 | I17: 145 | J17: 0.11 | K17: =ROUND(IF(C17="Salary",D17/$E$4,D17*E17),2) | L17: =IF(C17="Hourly",ROUND(D17*F17*$H$3,2),0) | M17: =K17+L17+G17 | N17: =ROUND(M17*H17,2) | O17: =ROUND(MAX(0,M17-N17-I17)*J17,2) | P17: =ROUND(MAX(0,M17-I17)*$J$3,2) | Q17: =ROUND(MAX(0,M17-I17)*$J$4,2) | R17: =ROUND(MAX(0,M17-N17-I17)*$H$4,2) | S17: =N17+I17+O17+P17+Q17+R17 | T17: =M17-S17
A18: Carlos Mendez | B18: Field Services | C18: Hourly | D18: 29.25 | E18: 80 | F18: 11 | G18: 200 | H18: 0.04 | I18: 145 | J18: 0.1 | K18: =ROUND(IF(C18="Salary",D18/$E$4,D18*E18),2) | L18: =IF(C18="Hourly",ROUND(D18*F18*$H$3,2),0) | M18: =K18+L18+G18 | N18: =ROUND(M18*H18,2) | O18: =ROUND(MAX(0,M18-N18-I18)*J18,2) | P18: =ROUND(MAX(0,M18-I18)*$J$3,2) | Q18: =ROUND(MAX(0,M18-I18)*$J$4,2) | R18: =ROUND(MAX(0,M18-N18-I18)*$H$4,2) | S18: =N18+I18+O18+P18+Q18+R18 | T18: =M18-S18
A19: TOTAL | B19: =COUNTA(A7:A18)&" employees" | E19: =SUM(E7:E18) | F19: =SUM(F7:F18) | G19: =SUM(G7:G18) | I19: =SUM(I7:I18) | K19: =SUM(K7:K18) | L19: =SUM(L7:L18) | M19: =SUM(M7:M18) | N19: =SUM(N7:N18) | O19: =SUM(O7:O18) | P19: =SUM(P7:P18) | Q19: =SUM(Q7:Q18) | R19: =SUM(R7:R18) | ... T19: =SUM(T7:T18)
A20: % of Gross Pay | G20: =IF($M$19=0,0,G19/$M$19) | I20: =IF($M$19=0,0,I19/$M$19) | K20: =IF($M$19=0,0,K19/$M$19) | L20: =IF($M$19=0,0,L19/$M$19) | M20: =IF($M$19=0,0,M19/$M$19) | N20: =IF($M$19=0,0,N19/$M$19) | O20: =IF($M$19=0,0,O19/$M$19) | P20: =IF($M$19=0,0,P19/$M$19) | Q20: =IF($M$19=0,0,Q19/$M$19) | R20: =IF($M$19=0,0,R19/$M$19) | ... T20: =IF($M$19=0,0,T19/$M$19)
A22: How to use: set the pay period, pay date and tax rates in the yellow cells, then enter one row per employee in columns A–J. Insert new rows above the TOTAL row so totals and the summary sheet expand automatically.
A23: Salaried pay = annual salary ÷ periods per year; hourly pay = rate × hours, with overtime at rate × OT multiplier. Health insurance is treated as a pre-tax (Section 125) deduction; 401(k) reduces income-tax wages only.
A24: Federal W/H % is a simplified effective rate per employee. Replace it with the amount from IRS Publication 15-T or your payroll software, and check local taxes and annual wage limits before filing.

Sheet Payroll Summary
A1: Payroll Summary
A2: ='Payroll Register'!A2
A3: Pay Period: | B3: =TEXT('Payroll Register'!B3,"mmm d, yyyy")&" – "&TEXT('Payroll Register'!B4,"mmm d, yyyy") | E3: (linked to the settings on the Payroll Register sheet)
A4: Pay Date: | B4: ='Payroll Register'!E3
A5: PAYROLL BY DEPARTMENT
A6: Department | B6: Employees | C6: Total Hours | D6: Gross Pay | E6: Pre-Tax Deductions | F6: Employee Taxes | G6: Net Pay | H6: Employer FICA | I6: Total Payroll Cost | J6: % of Total Cost
A7: Administration | B7: =COUNTIF('Payroll Register'!$B$7:$B$18,$A7) | C7: =SUMIFS('Payroll Register'!$E$7:$E$18,'Payroll Register'!$B$7:$B$18,$A7)+SUMIFS('Payroll Register'!$F$7:$F$18,'Payroll Register'!$B$7:$B$18,$A7) | D7: =SUMIFS('Payroll Register'!$M$7:$M$18,'Payroll Register'!$B$7:$B$18,$A7) | E7: =SUMIFS('Payroll Register'!$N$7:$N$18,'Payroll Register'!$B$7:$B$18,$A7)+SUMIFS('Payroll Register'!$I$7:$I$18,'Payroll Register'!$B$7:$B$18,$A7) | F7: =SUMIFS('Payroll Register'!$O$7:$O$18,'Payroll Register'!$B$7:$B$18,$A7)+SUMIFS('Payroll Register'!$P$7:$P$18,'Payroll Register'!$B$7:$B$18,$A7)+SUMIFS('Payroll Register'!$Q$7:$Q$18,'Payroll Register'!$B$7:$B$18,$A7)+SUMIFS('Payroll Register'!$R$7:$R$18,'Payroll Register'!$B$7:$B$18,$A7) | G7: =SUMIFS('Payroll Register'!$T$7:$T$18,'Payroll Register'!$B$7:$B$18,$A7) | H7: =SUMIFS('Payroll Register'!$P$7:$P$18,'Payroll Register'!$B$7:$B$18,$A7)+SUMIFS('Payroll Register'!$Q$7:$Q$18,'Payroll Register'!$B$7:$B$18,$A7) | I7: =D7+H7 | J7: =IF($I$11=0,0,I7/$I$11)
A8: Field Services | B8: =COUNTIF('Payroll Register'!$B$7:$B$18,$A8) | C8: =SUMIFS('Payroll Register'!$E$7:$E$18,'Payroll Register'!$B$7:$B$18,$A8)+SUMIFS('Payroll Register'!$F$7:$F$18,'Payroll Register'!$B$7:$B$18,$A8) | D8: =SUMIFS('Payroll Register'!$M$7:$M$18,'Payroll Register'!$B$7:$B$18,$A8) | E8: =SUMIFS('Payroll Register'!$N$7:$N$18,'Payroll Register'!$B$7:$B$18,$A8)+SUMIFS('Payroll Register'!$I$7:$I$18,'Payroll Register'!$B$7:$B$18,$A8) | F8: =SUMIFS('Payroll Register'!$O$7:$O$18,'Payroll Register'!$B$7:$B$18,$A8)+SUMIFS('Payroll Register'!$P$7:$P$18,'Payroll Register'!$B$7:$B$18,$A8)+SUMIFS('Payroll Register'!$Q$7:$Q$18,'Payroll Register'!$B$7:$B$18,$A8)+SUMIFS('Payroll Register'!$R$7:$R$18,'Payroll Register'!$B$7:$B$18,$A8) | G8: =SUMIFS('Payroll Register'!$T$7:$T$18,'Payroll Register'!$B$7:$B$18,$A8) | H8: =SUMIFS('Payroll Register'!$P$7:$P$18,'Payroll Register'!$B$7:$B$18,$A8)+SUMIFS('Payroll Register'!$Q$7:$Q$18,'Payroll Register'!$B$7:$B$18,$A8) | I8: =D8+H8 | J8: =IF($I$11=0,0,I8/$I$11)
A9: Operations | B9: =COUNTIF('Payroll Register'!$B$7:$B$18,$A9) | C9: =SUMIFS('Payroll Register'!$E$7:$E$18,'Payroll Register'!$B$7:$B$18,$A9)+SUMIFS('Payroll Register'!$F$7:$F$18,'Payroll Register'!$B$7:$B$18,$A9) | D9: =SUMIFS('Payroll Register'!$M$7:$M$18,'Payroll Register'!$B$7:$B$18,$A9) | E9: =SUMIFS('Payroll Register'!$N$7:$N$18,'Payroll Register'!$B$7:$B$18,$A9)+SUMIFS('Payroll Register'!$I$7:$I$18,'Payroll Register'!$B$7:$B$18,$A9) | F9: =SUMIFS('Payroll Register'!$O$7:$O$18,'Payroll Register'!$B$7:$B$18,$A9)+SUMIFS('Payroll Register'!$P$7:$P$18,'Payroll Register'!$B$7:$B$18,$A9)+SUMIFS('Payroll Register'!$Q$7:$Q$18,'Payroll Register'!$B$7:$B$18,$A9)+SUMIFS('Payroll Register'!$R$7:$R$18,'Payroll Register'!$B$7:$B$18,$A9) | G9: =SUMIFS('Payroll Register'!$T$7:$T$18,'Payroll Register'!$B$7:$B$18,$A9) | H9: =SUMIFS('Payroll Register'!$P$7:$P$18,'Payroll Register'!$B$7:$B$18,$A9)+SUMIFS('Payroll Register'!$Q$7:$Q$18,'Payroll Register'!$B$7:$B$18,$A9) | I9: =D9+H9 | J9: =IF($I$11=0,0,I9/$I$11)
A10: Sales | B10: =COUNTIF('Payroll Register'!$B$7:$B$18,$A10) | C10: =SUMIFS('Payroll Register'!$E$7:$E$18,'Payroll Register'!$B$7:$B$18,$A10)+SUMIFS('Payroll Register'!$F$7:$F$18,'Payroll Register'!$B$7:$B$18,$A10) | D10: =SUMIFS('Payroll Register'!$M$7:$M$18,'Payroll Register'!$B$7:$B$18,$A10) | E10: =SUMIFS('Payroll Register'!$N$7:$N$18,'Payroll Register'!$B$7:$B$18,$A10)+SUMIFS('Payroll Register'!$I$7:$I$18,'Payroll Register'!$B$7:$B$18,$A10) | F10: =SUMIFS('Payroll Register'!$O$7:$O$18,'Payroll Register'!$B$7:$B$18,$A10)+SUMIFS('Payroll Register'!$P$7:$P$18,'Payroll Register'!$B$7:$B$18,$A10)+SUMIFS('Payroll Register'!$Q$7:$Q$18,'Payroll Register'!$B$7:$B$18,$A10)+SUMIFS('Payroll Register'!$R$7:$R$18,'Payroll Register'!$B$7:$B$18,$A10) | G10: =SUMIFS('Payroll Register'!$T$7:$T$18,'Payroll Register'!$B$7:$B$18,$A10) | H10: =SUMIFS('Payroll Register'!$P$7:$P$18,'Payroll Register'!$B$7:$B$18,$A10)+SUMIFS('Payroll Register'!$Q$7:$Q$18,'Payroll Register'!$B$7:$B$18,$A10) | I10: =D10+H10 | J10: =IF($I$11=0,0,I10/$I$11)
A11: TOTAL | B11: =SUM(B7:B10) | C11: =SUM(C7:C10) | D11: =SUM(D7:D10) | E11: =SUM(E7:E10) | F11: =SUM(F7:F10) | G11: =SUM(G7:G10) | H11: =SUM(H7:H10) | I11: =SUM(I7:I10) | J11: =SUM(J7:J10)
A12: % of Gross Pay | D12: =IF($D$11=0,0,D11/$D$11) | E12: =IF($D$11=0,0,E11/$D$11) | F12: =IF($D$11=0,0,F11/$D$11) | G12: =IF($D$11=0,0,G11/$D$11) | H12: =IF($D$11=0,0,H11/$D$11) | I12: =IF($D$11=0,0,I11/$D$11)
A14: Tax & Deduction Liabilities
A15: Item | B15: Employee | C15: Employer | D15: Total to Remit
A16: Federal income tax withheld | B16: ='Payroll Register'!O19 | C16: 0 | D16: =B16+C16
A17: Social Security | B17: ='Payroll Register'!P19 | C17: ='Payroll Register'!P19 | D17: =B17+C17
A18: Medicare | B18: ='Payroll Register'!Q19 | C18: ='Payroll Register'!Q19 | D18: =B18+C18
A19: State income tax withheld | B19: ='Payroll Register'!R19 | C19: 0 | D19: =B19+C19
A20: 401(k) contributions | B20: ='Payroll Register'!N19 | C20: 0 | D20: =B20+C20
A21: Health insurance premiums | B21: ='Payroll Register'!I19 | C21: 0 | D21: =B21+C21
A22: Total | B22: =SUM(B16:B21) | C22: =SUM(C16:C21) | D22: =SUM(D16:D21)
A23: Check: gross pay − deductions = net pay | D23: =IF(ROUND(D11-B22-G11,2)=0,"✔ Balanced","✖ Check data")
